[Event "Early-Titled-Tuesday-Blitz-April-16-2024"]
[Site "Chess.com"]
[Date "2024.04.16"]
[Round "7"]
[White "IshviAggarwal"]
[Black "Chess4always"]
[Result "1-0"]
[WhiteElo "2136"]
[BlackElo "2000"]
[TimeControl "180+1"]
[EndTime "9:21:27 PDT"]
[Termination "IshviAggarwal won by resignation"]

1. Nf3 c6 2. d4 d5 3. g3 Bf5 4.
Bg2 Nd7 5. O-O Ngf6 6. c4 h6 7. Nc3 e6 8. Nd2 Be7 9. e4 dxe4 10.
Ndxe4 Nxe4 11. Nxe4 Nf6 12. Nc3 O-O 13. h3 Rc8 14. Be3 Qc7 15. Qb3 Rfd8 16. Rfd1 a6 17.
a4 Bf8 18. a5 Rd7 19. Na4 Rcd8 20. Nb6 Re7 21. Bf4 e5 22. Bxe5 Rxe5 23. dxe5 Rxd1+ 24.
Rxd1 Ne4 25. g4 Bg6 26. Qe3 Bc5 27. Qf4 Nxf2 28. Rd7 Qxd7 29. Nxd7 Nxh3+ 30. Kh2 Nxf4 31. Nxc5 Ne6 32. Nxb7 Bd3 33. Nd6 c5 34. Bb7 Nc7 35. Ne4 Bxe4 36. Bxe4 Kf8 37. Kg3 Ke7 38. Bf5 g6 39.
Bc8 Kd8 40. Bb7 Ke7 41. Kf4 f6 42. exf6+ Kxf6 43. b3 h5 44. gxh5 gxh5 45. Bc8 Kg6 46. Ke5 h4 47. Kd6 Ne8+ 48. Kxc5 Nf6 49. Bxa6 h3 50. Bb7 Kf5 51. a6 Ne4+ 52. Bxe4+ Kxe4 53.
a7 h2 54. a8=Q+ 1-0

[Event "Early-Titled-Tuesday-Blitz-April-16-2024"]
[Site "Chess.com"]
[Date "2024.04.16"]
[Round "7"]
[White "PositionalPanther"]
[Black "XDPS"]
[Result "0-1"]
[WhiteElo "2522"]
[BlackElo "2841"]
[TimeControl "180+1"]
[EndTime "9:21:29 PDT"]
[Termination "XDPS won by resignation"]

1. Nf3 g6 2. g3 Bg7 3. Bg2 e5 4. d3 d5 5. O-O Ne7 6. e4 Nbc6 7. Nc3 d4 8. Ne2 O-O 9. Ne1 f5 10. exf5 Bxf5 11. f4 Qd7 12. Nf3 e4 13. dxe4 Bxe4 14. Ne5 Qd5 15. Bxe4 Qxe4 16. Qd3 Qxd3 17. Nxd3 Nf5 18. Bd2 Rfe8 19. Rae1 b6 20. Nec1 Nd6 21. Rxe8+ Rxe8 22. Re1 Rxe1+ 23. Bxe1 Kf7 24. Kg2 Ke6 25. Nb3 Kd5 26. Nd2 a5 27. g4 Nd8 28. Bh4 Ne6 29. Kf3 c5 30. Be7 c4 31. Nf2 Nc8 32. Bh4 b5 33. Nfe4 a4 34. f5 gxf5 35. gxf5 Nf8 36. b3 Nd7 37. f6 Bh6 38. f7 Ne5+ 39. Ke2 Nxf7 40. Nf6+ Ke6 41. bxc4 Bxd2 42. Kxd2 bxc4 43. Nxh7 Ncd6 44. Ng5+ Nxg5 45. Bxg5 Ne4+ 46. Kc1 Nxg5 47. Kb2 Nh3 48. Ka3 c3 49. Kxa4 d3 50. Kb3 d2 0-1

[Event "Early-Titled-Tuesday-Blitz-April-16-2024"]
[Site "Chess.com"]
[Date "2024.04.16"]
[Round "7"]
[White "JSPrepz"]
[Black "Trendle"]
[Result "1-0"]
[WhiteElo "2824"]
[BlackElo "2613"]
[TimeControl "180+1"]
[EndTime "9:21:30 PDT"]
[Termination "JSPrepz won on time"]

1. e4 e6 2. d4 d5 3. Nc3 Bb4 4. e5 c5 5. Bd2 Ne7 6. Nb5 Bxd2+ 7. Qxd2 O-O 8. f4 cxd4 9. Nf3 Nbc6 10. Nbxd4 Nxd4 11. Nxd4 Nc6 12. O-O-O Bd7 13. Nf3 Rc8 14. Bd3 f5 15. exf6 Qxf6 16. g3 a5 17. a3 b5 18.
Bxb5 Rb8 19. a4 Na7 20. Ne5 Bxb5 21. axb5 Rxb5 22. Qd4 Rb7 23. Rhe1 Rfb8 24. b3 Nb5 25. Qd3 a4 26. bxa4 Nd6 27. Kd2 Rc7 28. Ke2 Ne4 29. Kf1 Rbc8 30. c4 Nc5 31. Qa3 g5 32. cxd5 gxf4 33. Kg1 exd5 34. Rxd5 Ne4 35. Qb3 Kh8 36. Rxe4 Rc3 37. Rd8+ Qxd8 38. Qxc3 Qb6+ 39. Qd4 Qb1+ 40. Kg2 Rc2+ 41. Kh3 Qf1+ 42. Kg4 fxg3 43. Ng6+ Kg8 44. Qh8+ Kf7 45. Qxh7+ Kf6 46. Rf4+ Qxf4+ 47. Nxf4 1-0

[Event "Early-Titled-Tuesday-Blitz-April-16-2024"]
[Site "Chess.com"]
[Date "2024.04.16"]
[Round "7"]
[White "StelaSfw"]
[Black "Navyblue1"]
[Result "0-1"]
[WhiteElo "1642"]
[BlackElo "2270"]
[TimeControl "180+1"]
[EndTime "9:21:30 PDT"]
[Termination "Navyblue1 won by checkmate"]

1. e4 c5 2. Nf3 d6 3. d4 cxd4 4. Nxd4 Nf6 5. Nc3 a6 6. Bc4 b5 7. Bb3 e6 8. f3 Be7 9. Be3 h5 10. a4 b4 11. Nce2 Qc7 12. c3 bxc3 13. Nxc3 Nc6 14.
Qd2 Nxd4 15. Bxd4 Rb8 16. Ba2 Bd7 17. O-O O-O 18. Rfc1 Qb7 19. Rab1 Qb4 20. Qd3 Bxa4 21. Qxa6 Qxd4+ 22. Kh1 Bb3 23. Bxb3 Rxb3 24. Rd1 Qb4 25. Qa7 Qb7 26. Qa4 Ra8 27. Qc4 Rc8 28. Qd3 Nd7 29.
h3 Ne5 30. Qe3 Nc4 31. Qf4 Nxb2 32. Rdc1 Nd3 33. Rxb3 Qxb3 34. Qd2 Nxc1 35. Qxc1 Qxc3 36. Qf4 Qc1+ 37. Qxc1 Rxc1+ 38. Kh2 Rc2 39. Kg3 Bf6 40. h4 e5 41. Kh3 g5 42. hxg5 Bxg5 43. g4 hxg4+ 44. Kxg4 f6 45. Kf5 Kf7 46. Kg4 Ke6 47. Kh5 d5 48. exd5+ Kxd5 49. Kg6 Ke6 50. Kh5 Bf4 51.
Kg4 Rc3 52. Kh5 Re3 53. Kg4 Rd3 54. Kh5 Rxf3 55. Kg4 Rg3+ 56. Kh5 Rg5+ 57. Kh4 e4 58. Kh3 e3 59. Kh4 Bd6 60. Kh3 Bf8 61. Kh4 e2 62. Kh3 e1=Q 63. Kh2 Qf2+ 64. Kh3 Qg2+ 65. Kh4 Qg4# 0-1

[Event "Early-Titled-Tuesday-Blitz-April-16-2024"]
[Site "Chess.com"]
[Date "2024.04.16"]
[Round "7"]
[White "Dixit_Nikhil"]
[Black "Nitzan_Steinberg"]
[Result "0-1"]
[WhiteElo "2618"]
[BlackElo "2900"]
[TimeControl "180+1"]
[EndTime "9:21:31 PDT"]
[Termination "Nitzan_Steinberg won by resignation"]

1. e4 c5 2. Nf3 d6 3. d4 cxd4 4. Nxd4 Nf6 5. Nc3 a6 6. Be3 e6 7.
g4 b5 8. g5 Nfd7 9. Bg2 Bb7 10.
Qg4 Ne5 11. Qg3 Nbd7 12. f4 Nc4 13. O-O-O Rc8 14. g6 b4 15. gxf7+ Kxf7 16. Nxe6 Kxe6 17. e5 Bxg2 18. f5+ Kf7 19. e6+ Kg8 20. Bg5 Be7 21.
Bxe7 Qxe7 22. exd7 Qxd7 23. Qxg2 bxc3 24. f6 cxb2+ 25. Kb1 g6 26. Rd3 Kf7 27. Re1 Rhe8 28. Qd5+ Kf8 29. Re7 Rxe7 30. fxe7+ Qxe7 31. Rf3+ Kg7 32. Qd4+ Qe5 33. Qa7+ Kh6 34. Rh3+ Kg5 35. Qg1+ Kf6 36.
Rf3+ Kg7 37. Rd3 Rc7 38. h3 d5 39. a4 a5 40. h4 Re7 41. Rd1 Na3+ 42. Ka2 b1=Q+ 43.
Rxb1 Nxb1 44. Kxb1 d4 45. Kc1 Qe1+ 0-1

[Event "Early-Titled-Tuesday-Blitz-April-16-2024"]
[Site "Chess.com"]
[Date "2024.04.16"]
[Round "7"]
[White "Anton_Demchenko"]
[Black "Gabrielian_Artur"]
[Result "0-1"]
[WhiteElo "3002"]
[BlackElo "2809"]
[TimeControl "180+1"]
[EndTime "9:21:32 PDT"]
[Termination "Gabrielian_Artur won by checkmate"]

1. Nf3 d5 2. b3 Nf6 3. Bb2 e6 4.
g3 Be7 5. Bg2 O-O 6. O-O b6 7.
d3 Bb7 8. Nbd2 c5 9. Re1 Nc6 10.
Ne5 Nxe5 11. Bxe5 Nd7 12. Bb2 Bf6 13. Qc1 Bxb2 14. Qxb2 Rb8 15. c4 d4 16. Bxb7 Rxb7 17. b4 e5 18. bxc5 Nxc5 19. a4 f5 20. Nb3 Qe7 21.
Reb1 Ne6 22. Qa3 Qc7 23. a5 e4 24. axb6 axb6 25. Qb4 exd3 26. exd3 f4 27. Qb5 Qf7 28. Rf1 h6 29. Rae1 Ng5 30. Kg2 Qh5 31. Qd5+ Rbf7 32.
h4 f3+ 33. Kh2 Kh8 34. Nxd4 Rf4 35. Re4 Qg4 36. hxg5 Qh5+ 37. Kg1 Qh3 38. Nxf3 Rxf3 39. Ree1 h5 40. Qe4 R8f4 41. gxf4 Qg4+ 42. Kh2 Rh3# 0-1

[Event "Early-Titled-Tuesday-Blitz-April-16-2024"]
[Site "Chess.com"]
[Date "2024.04.16"]
[Round "7"]
[White "BenchGM"]
[Black "ATM622"]
[Result "1-0"]
[WhiteElo "2327"]
[BlackElo "2436"]
[TimeControl "180+1"]
[EndTime "9:21:32 PDT"]
[Termination "BenchGM won on time"]

1. e4 c6 2. d4 d5 3. e5 Bf5 4. h4 h5 5. Bd3 Bxd3 6. Qxd3 e6 7.
Nf3 Ne7 8. Bg5 Qb6 9. Nbd2 Na6 10. c4 dxc4 11. Nxc4 Nb4 12. Qb3 Qa6 13. Nd6+ Kd7 14. Qxb4 Nd5 15. Qxb7+ Qxb7 16. Nxb7 f6 17. Bd2 Rb8 18.
Nc5+ Bxc5 19. dxc5 Rxb2 20. O-O Rhb8 21. Rfd1 R8b5 22. Be3 Ke7 23. Bd4 Rc2 24. a4 Rb4 25. Rdb1 a5 26. Rxb4 Nxb4 27. Be3 Rc3 28. exf6+ gxf6 29. Nd4 Rc4 30. Nb3 Rc3 31. Nxa5 Nc2 32. Rb1 Nxe3 33.
fxe3 Rxc5 34. Rb7+ Kd6 35. Nb3 Rc3 36. a5 Rc2 37. a6 Ra2 38. a7 Kd5 39. Rb4 c5 40.
Rb5 Kc4 41. Ra5 1-0

[Event "Early-Titled-Tuesday-Blitz-April-16-2024"]
[Site "Chess.com"]
[Date "2024.04.16"]
[Round "7"]
[White "campochess"]
[Black "a-z30"]
[Result "1-0"]
[WhiteElo "2230"]
[BlackElo "2377"]
[TimeControl "180+1"]
[EndTime "9:21:32 PDT"]
[Termination "campochess won on time"]

1. e4 d6 2. d4 Nf6 3. Nc3 g6 4. f3 Bg7 5. Bg5 O-O 6. Qd2 c5 7. dxc5 dxc5 8. Qxd8 Rxd8 9. Nge2 Nc6 10. Bd2 Nd4 11.
O-O-O e5 12. Bg5 h6 13. Bxf6 Bxf6 14. Kb1 Be6 15. Nc1 a6 16. Nd5 Bxd5 17. exd5 b5 18. c3 Nf5 19. Nb3 Rac8 20. Bd3 Ne3 21. Rdg1 c4 22. Be4 cxb3 23. axb3 Nxd5 24. Rd1 Nc7 25. Bb7 Rxd1+ 26. Rxd1 Rd8 27. Re1 Rd2 28. h3 Kg7 29. g4 a5 30. h4 b4 31. g5 hxg5 32. hxg5 Bxg5 33. Rxe5 Bf6 34. Rxa5 bxc3 35. bxc3 Ne6 36. Rd5 Rxd5 37. Bxd5 Bxc3 38. Kc2 Be1 39. Kd3 Kf6 40. Kc4 Ke7 41. b4 Kd6 42. Be4 Bf2 43. Bc2 f5 44. Ba4 Ng5 45. Be8 Ke5 46. Bxg6 f4 47. Bh5 Bg1 48. Bg4 Ne6 49. Bh5 Nd4 50.
Bg4 Ne2 51. Kb5 Kd4 52. Kc6 1-0

[Event "Early-Titled-Tuesday-Blitz-April-16-2024"]
[Site "Chess.com"]
[Date "2024.04.16"]
[Round "7"]
[White "GMCarbone"]
[Black "Gryffindorac8"]
[Result "0-1"]
[WhiteElo "2573"]
[BlackElo "2453"]
[TimeControl "180+1"]
[EndTime "9:21:33 PDT"]
[Termination "Gryffindorac8 won on time"]

1. d4 Nf6 2. c4 c5 3. d5 b5 4. cxb5 a6 5. e3 axb5 6. Bxb5 Qa5+ 7. Nc3 Bb7 8. Bd2 Qb6 9. Nf3 Nxd5 10. a4 Nb4 11.
O-O e6 12. e4 Be7 13. Bf4 O-O 14. Ne5 d5 15. exd5 exd5 16. Re1 Bf6 17. Ng4 Bd4 18. Qf3 Nc2 19. Qg3 Nxa1 20. Nh6+ Kh8 21. Nxf7+ Kg8 22. Bd6 Na6 23. Nh6+ Kh8 24. Bxf8 Rxf8 25.
Qf3 Qf6 26. Nf7+ Kg8 27. Qxf6 Bxf6 28. Nd6 Nc2 29. Rd1 d4 30. Nxb7 dxc3 31. Bc4+ Kh8 32.
bxc3 Nc7 33. Nxc5 h6 34. Ne4 Be5 35. Bd3 Na3 36. Ra1 Nd5 37. Rxa3 Rc8 38. a5 Nxc3 39. Nxc3 Bxc3 40. g3 Bd4 41. a6 Ra8 42. Kg2 Ra7 43. Ra4 Bf6 44. f4 g5 0-1

[Event "Early-Titled-Tuesday-Blitz-April-16-2024"]
[Site "Chess.com"]
[Date "2024.04.16"]
[Round "7"]
[White "Kazmin_Semyon"]
[Black "Der_Balak_3Halak"]
[Result "0-1"]
[WhiteElo "2574"]
[BlackElo "2453"]
[TimeControl "180+1"]
[EndTime "9:21:34 PDT"]
[Termination "Der_Balak_3Halak won by resignation"]

1. e4 c5 2. Nf3 Nc6 3. d4 cxd4 4. Nxd4 g6 5. Nc3 Bg7 6. Be3 Nf6 7. Bc4 O-O 8. Bb3 Na5 9. f4 Nxb3 10. axb3 d6 11.
O-O Ng4 12. Qf3 Nxe3 13. Qxe3 Qb6 14. Rfd1 e5 15. Nf5 Qxe3+ 16. Nxe3 exf4 17. Ned5 Bg4 18. Ne7+ Kh8 19. Rxd6 Rfd8 20. Rxd8+ Rxd8 21. Ned5 f3 22. gxf3 Bxf3 23. Kf1 a6 24. Re1 f5 25. exf5 gxf5 26. Nf4 Bh6 27. Nd3 Rg8 28. Ne5 Bg2+ 29. Kf2 Bh3 30.
Nf7+ Kg7 31. Nxh6 Kxh6 32. Kf3 Rg2 33. Ne2 Rg7 34. Nd4 Bg2+ 35. Kf4 Rg4+ 36. Ke5 f4 37.
Kf5 Bh3 38. Kf6 f3 39. Ne2 f2 40. Rd1 f1=Q+ 41. Rxf1 Bxf1 42. Ng3 Rxg3 43. hxg3 Be2 44. c4 a5 45. c5 Bd1 46. Kf5 Bxb3 47. Kf6 Kh5 48.
Kf5 Bc2+ 49. Kf4 Kg6 50. Ke5 Kg5 51. Kd6 Be4 52. Ke5 Bc6 53. g4 Kxg4 54. b4 axb4 0-1

[Event "Early-Titled-Tuesday-Blitz-April-16-2024"]
[Site "Chess.com"]
[Date "2024.04.16"]
[Round "7"]
[White "VerdeNotte"]
[Black "VinzentSpitzl"]
[Result "1-0"]
[WhiteElo "2881"]
[BlackElo "2480"]
[TimeControl "180+1"]
[EndTime "9:21:35 PDT"]
[Termination "VerdeNotte won by resignation"]

1. e4 d5 2. exd5 Qxd5 3. Nf3 Nf6 4. c4 Qd8 5. d4 g6 6. Nc3 Bg7 7. h3 c6 8. Bd3 O-O 9. O-O Nbd7 10. Re1 Re8 11.
Bf4 Qa5 12. Qd2 b5 13. cxb5 cxb5 14. Nxb5 Qxd2 15. Bxd2 Nd5 16. Nd6 Rd8 17. Ba5 N7b6 18. Nxc8 Raxc8 19. Rac1 e6 20. Ba6 Rxc1 21. Rxc1 h6 22.
g3 g5 23. Ne5 Kf8 24. Bb7 Bf6 25. Kf1 Kg7 26. Ke2 h5 27. Rc5 h4 28. Bxd5 exd5 29. gxh4 gxh4 30. Rc7 Bxe5 31. dxe5 Re8 32. Rxa7 Rxe5+ 33. Kd3 Re6 34. Ra6 Nc4 35. Bc3+ Kg6 36. Rxe6+ fxe6 37.
b3 Nd6 38. a4 Kf5 39. Kd4 Kf4 40. Bb4 Nf5+ 41. Kd3 e5 42. a5 Kf3 43. a6 e4+ 44. Kd2 Kxf2 45. a7 e3+ 46. Kd3 e2 47.
a8=Q Ng3 48. Qxd5 Kg1 49. Qd4+ Kh2 50. Qxh4 Nf5 51. Qf2+ Kh1 52. Qxf5 1-0

[Event "Early-Titled-Tuesday-Blitz-April-16-2024"]
[Site "Chess.com"]
[Date "2024.04.16"]
[Round "7"]
[White "NikFil2013"]
[Black "Kostukov_Alex"]
[Result "1-0"]
[WhiteElo "2422"]
[BlackElo "2276"]
[TimeControl "180+1"]
[EndTime "9:21:35 PDT"]
[Termination "NikFil2013 won on time"]

1. d4 g6 2. c4 Bg7 3. Nc3 d6 4. e4 e5 5. Nf3 exd4 6. Nxd4 Nc6 7.
Be3 Nge7 8. Be2 O-O 9. O-O f5 10.
Nxc6 bxc6 11. exf5 Nxf5 12. Bf3 Nxe3 13. fxe3 Bd7 14. Qd2 Qh4 15. Rac1 Rae8 16. b3 Bh6 17. Rce1 Re7 18. Qd3 Rfe8 19. e4 Bf4 20. h3 Qg3 21. Ne2 Qh2+ 22. Kf2 Bg5 23. Rh1 Bh4+ 24. Ke3 Qe5 25.
Rd1 Qg5+ 26. Kd4 Qa5 27. Qd2 Bf2+ 28. Kd3 Qc5 29. Kc2 d5 30. exd5 Bf5+ 31. Kb2 Re3 32.
dxc6 Bh4 33. Qd5+ Qxd5 34. Bxd5+ Kg7 35. Nd4 Bf6 36. Ka3 Bd3 37. Ne6+ Kh6 38. Nxc7 Rc8 39. Nb5 Be7+ 40. Kb2 Bf6+ 41. Ka3 Be7+ 42. Ka4 Bc5 43.
c7 Re2 44. a3 Ra2 45. Rxd3 1-0

[Event "Early-Titled-Tuesday-Blitz-April-16-2024"]
[Site "Chess.com"]
[Date "2024.04.16"]
[Round "7"]
[White "jinxy2009"]
[Black "Kotofeyca"]
[Result "1-0"]
[WhiteElo "2339"]
[BlackElo "2481"]
[TimeControl "180+1"]
[EndTime "9:21:36 PDT"]
[Termination "jinxy2009 won by resignation"]

1. e4 c5 2. Nf3 d6 3. d4 cxd4 4.
Nxd4 Nf6 5. Nc3 a6 6. Rg1 b5 7. g4 Bb7 8. f3 b4 9. Nce2 h6 10. Be3 e5 11. Nf5 g6 12. Nxh6 Bxh6 13. g5 Nxe4 14. fxe4 Bg7 15. Bg2 Rxh2 16. Qd3 a5 17.
O-O-O Bf8 18. Bf3 Nd7 19. Rh1 Rxh1 20. Rxh1 Qc7 21. Ng3 Nc5 22. Qd2 O-O-O 23. Kb1 Be7 24. Rh7 Bf8 25. c3 bxc3 26. Qxc3 Kb8 27. Qc4 Rd7 28. Rh8 Rd8 29. a3 Rc8 30. Bxc5 Qxc5 31. Qxc5 dxc5 32. Kc2 Kc7 33. Rh7 Kb6 34. Rxf7 Rd8 35.
Rf6+ Bd6 36. Rxg6 c4 37. Nf5 Kc5 38. Nxd6 Rxd6 39. Rxd6 Kxd6 40. Kc3 Ba6 41. g6 Ke7 42. Be2 Kf6 43. Bxc4 Bb7 44. Bd5 Ba6 45. Bf7 Bb7 46. Bd5 Ba6 47. b4 axb4+ 48. axb4 Kxg6 49. Bc6 Kf6 50. b5 Bc8 51. Kc4 Kg5 52. b6 Kf4 53. b7 Bxb7 54.
Bxb7 Kf3 55. Bd5 Ke3 56. Kc5 Kd3 57. Kd6 Kd4 58. Ke6 1-0

[Event "Early-Titled-Tuesday-Blitz-April-16-2024"]
[Site "Chess.com"]
[Date "2024.04.16"]
[Round "7"]
[White "InitiatingASC"]
[Black "flawian2008"]
[Result "0-1"]
[WhiteElo "2365"]
[BlackElo "2557"]
[TimeControl "180+1"]
[EndTime "9:21:37 PDT"]
[Termination "flawian2008 won by resignation"]

1. d4 Nf6 2. c4 c5 3. e3 cxd4 4. exd4 g6 5. Nf3 Bg7 6. h4 d5 7. Nc3 Bg4 8. c5 O-O 9. Be3 Nc6 10. Be2 Ne4 11. Nd2 Bxe2 12. Nxe2 e5 13. Nxe4 dxe4 14. d5 Nb4 15. d6 Nd3+ 16. Kf1 f5 17. Bg5 Qd7 18.
b4 h6 19. Bd2 f4 20. Nc3 e3 21.
Be1 e4 22. Nxe4 Nxe1 23. Qd5+ Kh8 24. Rxe1 Rae8 25. Ng5 Re5 26. Qc4 b5 27. Qb3 a5 28.
a3 axb4 29. axb4 exf2 30. Kxf2 Rxe1 31. Kxe1 Re8+ 32. Kd2 Qg4 33. Qf3 Qf5 34. Qd3 Qg4 35. Qf3 Qf5 36. Qd3 Qe5 37. Nf3 Qb2+ 38. Qc2 Re2+ 39.
Kxe2 Qxc2+ 40. Kf1 Qb1+ 41. Ne1 Qxb4 42. d7 Bf6 43. c6 Qc4+ 44. Kf2 Qxc6 45. Nf3 Qxd7 46. Re1 Qa7+ 47. Kf1 b4 48. Re8+ Kg7 49. h5 b3 50.
hxg6 b2 51. Re1 Qa1 52. Nd2 Bc3 0-1

[Event "Early-Titled-Tuesday-Blitz-April-16-2024"]
[Site "Chess.com"]
[Date "2024.04.16"]
[Round "7"]
[White "tarno17"]
[Black "mapleaff"]
[Result "1-0"]
[WhiteElo "2134"]
[BlackElo "2259"]
[TimeControl "180+1"]
[EndTime "9:21:38 PDT"]
[Termination "tarno17 won by resignation"]

1. e4 c5 2. Nf3 Nc6 3. Bb5 e6 4.
O-O Nge7 5. c3 a6 6. Ba4 b5 7.
Bc2 g6 8. d4 cxd4 9. Nxd4 Bg7 10.
Be3 O-O 11. Nd2 Bb7 12. Re1 Qc7 13. N2b3 Rac8 14. Qd2 Ne5 15. Bf4 Nc4 16. Bxc7 Nxd2 17. Bd6 Nxb3 18. Nxb3 Rfe8 19. Rad1 Bf8 20. Nc5 Ba8 21.
Nxd7 Red8 22. Nf6+ Kh8 23. Be5 Bg7 24. Ng4 h5 25. Bxg7+ Kxg7 26. Ne5 f6 27. Nf3 Nc6 28. h4 Na5 29. Nd4 Kf7 30. e5 f5 31. Bb3 Nxb3 32. Nxb3 Bd5 33. f3 Bc4 34. Kf2 Rxd1 35. Rxd1 Rc5 36. f4 Rc7 37. Rd6 Bxb3 38. axb3 Ra7 39. Rb6 Ke7 40. Ke3 Kd7 41. Rd6+ Kc7 42. Rxe6 a5 43.
Re7+ Kb6 44. Rxa7 Kxa7 45. e6 Kb6 46. e7 a4 47. e8=Q axb3 48. Qe6+ Ka5 49. Qxb3 b4 50. Qxb4+ Ka6 51. Kd4 Ka7 52. Kc5 1-0

[Event "Early-Titled-Tuesday-Blitz-April-16-2024"]
[Site "Chess.com"]
[Date "2024.04.16"]
[Round "7"]
[White "NiranjanNavalgund"]
[Black "Ginger_GM"]
[Result "0-1"]
[WhiteElo "2502"]
[BlackElo "2649"]
[TimeControl "180+1"]
[EndTime "9:21:40 PDT"]
[Termination "Ginger_GM won by checkmate"]

1. e4 d6 2. d4 Nf6 3. Nc3 Nbd7 4. Nge2 e5 5. f3 Be7 6. g3 h5 7. h4 c6 8. Bg2 b5 9. a3 O-O 10. O-O a5 11. Bg5 Rb8 12. dxe5 dxe5 13. Qd2 Nc5 14. Rad1 Qxd2 15. Rxd2 b4 16. axb4 axb4 17. Nd1 Ne6 18. Nf2 Nxg5 19. hxg5 Nd7 20. f4 Nb6 21. b3 Bc5 22. Kh2 Ba6 23. Nd3 Be3 24. Rdd1 exf4 25. gxf4 Rbd8 26. Ng3 g6 27. e5 Nd5 28.
Bxd5 cxd5 29. Rf3 d4 30. Nxb4 Bb7 31. Rff1 Rc8 32. Ne2 Rfd8 33. c4 dxc3 34. Nxc3 Bd2 35. Ncd5 Bxd5 36. Rxd2 Bxb3 37. Rff2 Be6 38. Rxd8+ Rxd8 39. Nc6 Rd3 40. Rb2 Kg7 41. Rb8 Rf3 42. Nd8 Rxf4 43.
Rb7 Bd5 44. Rd7 Bc4 45. e6 Kf8 46. e7+ Ke8 47. Rc7 Bd5 48. Rc5 Rd4 49. Rc8 Kxe7 50. Rb8 h4 51. Kh3 Kd6 52. Rc8 Ke5 53. Rc7 Kf5 54. Nxf7 Bxf7 55. Rxf7+ Kxg5 56. Rf8 Rd3+ 57. Kh2 Kg4 58. Ra8 g5 59. Ra4+ Kh5 60. Ra5 Rd2+ 61. Kh3 Rd3+ 62. Kh2 Rf3 63. Rb5 Kg4 64. Rb4+ Rf4 65.
Rb3 Rf2+ 66. Kg1 Re2 67. Rb4+ Kh5 68. Rb5 h3 69. Rb8 Kh4 70. Rb4+ g4 71. Ra4 Re3 72. Kh2 Rf3 73. Rb4 Rf2+ 74. Kh1 Kg3 75. Rb8 Rf1# 0-1

[Event "Early-Titled-Tuesday-Blitz-April-16-2024"]
[Site "Chess.com"]
[Date "2024.04.16"]
[Round "7"]
[White "RojonR"]
[Black "KnightDuta"]
[Result "0-1"]
[WhiteElo "2548"]
[BlackElo "2744"]
[TimeControl "180+1"]
[EndTime "9:21:41 PDT"]
[Termination "KnightDuta won by resignation"]

1. e4 d5 2. exd5 Nf6 3. d4 Nxd5 4. c4 Nb6 5. c5 Nd5 6. Nc3 c6 7. Bc4 g6 8. Nge2 Bg7 9. O-O O-O 10. Qb3 Nxc3 11. bxc3 b5 12. Bd3 Nd7 13. Be4 Bb7 14.
Bf3 Nf6 15. a4 a6 16. Bf4 Qd7 17. Bg3 g5 18. h3 h5 19. Nc1 g4 20. hxg4 hxg4 21. Be2 Ne4 22. Nd3 Nd2 23. Qc2 Nxf1 24. Rxf1 Qf5 25. Qd1 Bc8 26. f3 bxa4 27. fxg4 Qe4 28.
Ne5 Be6 29. Bd3 Qe3+ 30. Bf2 Qg5 31. Nxc6 a3 32. Bb1 a2 33. Bc2 Bd5 34. Qd3 f5 35. Ne5 Rab8 36. c4 Be4 37. Qc3 Rb1 38. Bxb1 axb1=Q 39. Rxb1 Bxb1 40. Nf3 Qxg4 41. c6 Be4 42. c7 Bxf3 43. Qxf3 Qxf3 44. gxf3 Rc8 45. Bg3 Bxd4+ 0-1

[Event "Early-Titled-Tuesday-Blitz-April-16-2024"]
[Site "Chess.com"]
[Date "2024.04.16"]
[Round "7"]
[White "Sanan_Sjugirov"]
[Black "Kobalia"]
[Result "1/2-1/2"]
[WhiteElo "3042"]
[BlackElo "2823"]
[TimeControl "180+1"]
[EndTime "9:21:42 PDT"]
[Termination "Game drawn by repetition"]

1. e4 c5 2. Nf3 e6 3. d4 cxd4 4. Nxd4 Nc6 5. Nc3 a6 6. Nxc6 bxc6 7. Bd3 d5 8. O-O Nf6 9. Re1 Be7 10. e5 Nd7 11. Qg4 Kf8 12. Na4 Qa5 13. c3 h5 14. Qd1 Nb6 15. Nxb6 Qxb6 16. b4 a5 17. Be3 Qc7 18. b5 cxb5 19. Bxb5 g6 20. c4 dxc4 21. Rc1 Ba6 22. Rxc4 Qxc4 23. Bxc4 Bxc4 24. Qc2 Bd5 25.
Bc5 Bxc5 26. Qxc5+ Kg7 27. a3 Rhc8 28. Qe7 Rc3 29. Rb1 Rac8 30. h4 Rc1+ 31. Rxc1 Rxc1+ 32. Kh2 Rc4 33. Qf6+ Kg8 34. f3 a4 35. Qe7 Kg7 36. Kg3 Rd4 37. Qf6+ Kg8 38. Qd8+ Kg7 39. Qb6 Rc4 40. Qa7 Kg8 41. Kh3 Kg7 42. Qe7 Rd4 43. Kg3 Rc4 44. Kf2 Kg8 45. Qf6 Rc3 46.
Qd8+ Kg7 47. Qf6+ Kg8 48. Qe7 Rc4 49. Ke3 Kg7 50. Kd3 Kg8 51. Qd8+ Kg7 52. Qf6+ Kg8 53. Qd8+ Kg7 54. Kd2 Rd4+ 55. Ke3 Rc4 56. Kf2 Rc3 57. Qf6+ Kg8 1/2-1/2

[Event "Early-Titled-Tuesday-Blitz-April-16-2024"]
[Site "Chess.com"]
[Date "2024.04.16"]
[Round "7"]
[White "NajdorfPlayerc5"]
[Black "TitarovVasiliYouTube"]
[Result "1-0"]
[WhiteElo "2421"]
[BlackElo "2602"]
[TimeControl "180+1"]
[EndTime "9:21:42 PDT"]
[Termination "NajdorfPlayerc5 won by checkmate"]

1. e4 Nf6 2. e5 Nd5 3. c4 Nb6 4. d4 d6 5. f4 dxe5 6. fxe5 Bf5 7. Nf3 e6 8. Nc3 Nc6 9. Be3 Be7 10. Be2 O-O 11.
O-O f6 12. exf6 Bxf6 13. Qd2 Qe7 14. Rad1 Rad8 15. Kh1 Bg4 16. c5 Nd5 17. Nxd5 exd5 18. Rde1 Qd7 19. Bb5 Bxf3 20. Rxf3 a6 21. Ba4 Rde8 22. Ref1 Re4 23. Bc2 Re7 24. Qd3 Re4 25. Qb3 Rxd4 26. Bxd4 Nxd4 27. Qd3 Nxf3 28. Qxh7+ Kf7 29.
Rxf3 Qg4 30. h3 Qg5 31. Qf5 Qxf5 32. Bxf5 Rb8 33. b4 Ke7 34. g4 b6 35. Re3+ Kd8 36. c6 a5 37. Bg6 Be7 38. Rd3 axb4 39. Rxd5+ Bd6 40. Rd3 Ra8 41. Re3 Be7 42. Rd3+ Bd6 43. Re3 Be7 44. Re2 Bd6 45. Re8# 1-0

[Event "Early-Titled-Tuesday-Blitz-April-16-2024"]
[Site "Chess.com"]
[Date "2024.04.16"]
[Round "7"]
[White "laiciffOneslraCsungaM"]
[Black "kacperkarwowski"]
[Result "1-0"]
[WhiteElo "2341"]
[BlackElo "2491"]
[TimeControl "180+1"]
[EndTime "9:21:45 PDT"]
[Termination "laiciffOneslraCsungaM won by checkmate"]

1. e4 Nf6 2. e5 Nd5 3. d4 d6 4. Bc4 Nb6 5. Bb3 dxe5 6. Qf3 e6 7. dxe5 Nc6 8. Qg3 a5 9. c3 a4 10. Bc2 g6 11. Nf3 Be7 12. O-O Ra5 13. Bf4 Nc4 14. Bc1 N4xe5 15. Nxe5 Rxe5 16. Bf4 Bh4 17. Bxe5 Bxg3 18. Bxh8 Be5 19. Bxe5 Nxe5 20. Bxa4+ Bd7 21.
Bxd7+ Qxd7 22. Na3 Qd2 23. Rab1 Qg5 24. f4 Qf5 25. fxe5 Qxe5 26. Kh1 b5 27. Nc2 c6 28. Nd4 Qc5 29. Ra1 e5 30. Rfe1 Kf8 31. Nf3 f6 32. a4 bxa4 33. Rxa4 g5 34. Rf1 Kg7 35.
Rfa1 Qb5 36. b4 h5 37. Ng1 Qc4 38. Ra7+ Kg6 39. Rc1 Qf4 40. Rd1 Qg4 41. Rdd7 Qc4 42. Rd6 Qxc3 43. Ra6 Qxb4 44. Raxc6 g4 45. Rxf6+ Kg5 46.
Rg6+ Kf5 47. Rcf6+ Ke4 48. Rg5 Qd2 49. Rxh5 Qe1 50. Rg6 Kd5 51. Rxg4 Qd1 52. Rgg5 Kd6 53. Rxe5 Qa1 54. Rhg5 Kc6 55. h4 Kd6 56. h5 Qc3 57. h6 Qb4 58. Rh5 Qb8 59. h7 Qh8 60. Reg5 Ke7 61.
Rg8 Qf6 62. h8=Q Qf2 63. Qe5+ Kf7 64. Rg7+ Kf8 65. Rh8# 1-0

[Event "Early-Titled-Tuesday-Blitz-April-16-2024"]
[Site "Chess.com"]
[Date "2024.04.16"]
[Round "7"]
[White "MaiqMaster"]
[Black "Squirlolz"]
[Result "0-1"]
[WhiteElo "2426"]
[BlackElo "2581"]
[TimeControl "180+1"]
[EndTime "9:21:46 PDT"]
[Termination "Squirlolz won by resignation"]

1. d4 c5 2. e4 cxd4 3. c3 dxc3 4. Nxc3 g6 5. Nf3 Bg7 6. Bc4 Nh6 7. O-O O-O 8. Bg5 d6 9. h3 Kh8 10. Qd2 Ng8 11. Rfd1 Be6 12. Nd5 Nd7 13. Nxe7 Nxe7 14. Qxd6 Nf6 15. Bxe6 Qxd6 16. Rxd6 fxe6 17. Rxe6 Nc6 18.
Rd1 Rfe8 19. Rxf6 Bxf6 20. Bxf6+ Kg8 21. e5 Rf8 22. Ng5 h6 23. Ne6 Rf7 24. h4 Re8 25. Nf4 Nxe5 26. Bxe5 Rxe5 27. Nxg6 Re2 28. Rd8+ Kg7 29. h5 Rxb2 30. f3 Rxa2 31. Ne5 Re7 32. Ng4 Ra5 33. Rd6 Rxh5 34. Nf6 Rhe5 35. Ng4 R5e6 36.
Rd5 h5 37. Rxh5 b6 38. Rd5 a5 39. Nf2 a4 40. Nd3 a3 41. Nb4 Re1+ 42. Kh2 R1e2 43. Rb5 a2 44. Nxa2 Rxa2 45. Rxb6 Ree2 46. Rb7+ Kf6 47. Rb6+ Ke5 48. Rb5+ Kf6 49. Rb6+ Re6 50. Rb5 Kf7 51. Kg3 Rg6+ 52. Kf4 Raxg2 53. Kf5 R2g5+ 54.
Ke4 Rxb5 0-1